 Dungeon Crawl Stone Soup version 0.21.1-1-g345015fe64 (webtiles) character file.

16159 gvccisandals the Spear-Bearer (level 12, -2/94 HPs)
             Began as a Merfolk Skald on Apr 11, 2018.
             Was an Initiate of Gozag.
             Slain by an eight-headed hydra (13 damage)
             ... on level 1 of the Lair of Beasts on Apr 14, 2018.
             The game lasted 01:17:02 (15369 turns).

gvccisandals the Spear-Bearer (Merfolk Skald)      Turns: 15369, Time: 01:17:04

Health: -2/94      AC:  8    Str: 16    XL:     12   Next: 34%
Magic:  14/20      EV: 17    Int: 21    God:    Gozag
Gold:   1514       SH:  5    Dex: 13    Spells: 12/21 levels left

rFire    + + .     SeeInvis .   o - +1 trident
rCold    . . .     Gourm    .   J - +0 buckler
rNeg     . . .     Faith    .   p - +2 leather armour {rF+}
rPois    .         Spirit   .   z - +0 helmet
rElec    .         Reflect  .   r - +1 cloak {rF+}
rCorr    .         Harm     .   (no gloves)
MR       .....                  (no boots)
Stlth    +.........             (no amulet)
HPRegen  0.25/turn              h - +5 ring of strength
MPRegen  0.17/turn              M - +3 ring of intelligence

@: infused
A: change form in water, swift swim, stealthy swim
a: Potion Petition, Call Merchant, Bribe Branch, Renounce Religion


You were on level 1 of the Lair of Beasts.
You worshipped Gozag.
Gozag was most pleased with you.
You were very hungry.

You visited 3 branches of the dungeon, and saw 14 of its levels.
You also visited: Volcano.

You collected 2120 gold pieces.
You spent 533 gold pieces at shops.
You paid 73 gold pieces to Gozag.

Inventory:

Hand Weapons
 o - a +1 trident (weapon)
Armour
 p - a +2 leather armour of fire resistance (worn)
 r - a +1 cloak of fire resistance (worn)
 z - a +0 helmet (worn)
 J - a +0 buckler (worn)
Magical Staves
 S - an uncursed staff of fire
Jewellery
 h - a +5 ring of strength (left hand)
 s - an uncursed ring of flight
 w - a +6 ring of strength
 M - a +3 ring of intelligence (right hand)
Wands
 l - a wand of paralysis (14)
 D - a wand of disintegration (12)
 E - a wand of clouds (7)
 F - a wand of random effects (66)
 I - a wand of polymorph (12)
Scrolls
 b - a scroll of blinking {unknown}
 f - 4 scrolls of remove curse
 i - 2 scrolls of enchant armour
 m - a scroll of enchant weapon
 t - a scroll of amnesia
 u - 2 scrolls of immolation
 v - 2 scrolls of random uselessness
 x - 2 scrolls of noise
 y - a scroll of fear
 A - a scroll of brand weapon
 K - 2 scrolls of torment {unknown}
 L - a scroll of summoning {unknown}
 O - a scroll of vulnerability
 Q - a scroll of magic mapping
 T - a scroll of fog {unknown}
Potions
 a - a potion of lignification {unknown}
 e - 5 potions of brilliance
 k - 3 potions of might
 n - 4 potions of cancellation
 q - a potion of mutation {unknown}
 B - 2 potions of haste {unknown}
 H - 2 potions of berserk rage {unknown}
 P - 2 potions of magic {unknown}
 R - a potion of flight {unknown}
Books
 c - a book of Battle

   Spells                             Type                      Level
   a - Infusion                       Charms                       1
   b - Shroud of Golubria             Charms/Translocation         2
   c - Song of Slaying                Charms                       2
   d - Spectral Weapon                Hexes/Charms                 3
   e - Regeneration                   Charms/Necromancy            3
 j - a book of Cantrips

   Spells                             Type                      Level
   a - Confusing Touch                Hexes                        1
   b - Animate Skeleton               Necromancy                   1
   c - Summon Small Mammal            Summoning                    1
   d - Apportation                    Translocation                1
 C - a book of Minor Magic

   Spells                             Type                      Level
   a - Magic Dart                     Conjuration                  1
   b - Blink                          Translocation                2
   c - Call Imp                       Summoning                    2
   d - Slow                           Hexes                        2
   e - Conjure Flame                  Conjuration/Fire             3
   f - Mephitic Cloud                 Conjuration/Poison/Air       3
 N - a book of Conjurations

   Spells                             Type                      Level
   a - Magic Dart                     Conjuration                  1
   b - Searing Ray                    Conjuration                  2
   c - Dazzling Spray                 Conjuration/Hexes            3
   d - Fulminant Prism                Conjuration/Hexes            4
   e - Force Lance                    Conjuration/Translocation    4
   f - Iskenderun's Mystic Blast      Conjuration                  4
Comestibles
 d - 14 rations


   Skills:
 + Level 8.6 Fighting
 - Level 14.0 Polearms
 - Level 3.1 Armour
 + Level 10.0 Dodging
 - Level 4.0 Shields
 - Level 5.3 Spellcasting
 - Level 5.4 Hexes
 - Level 7.0 Charms
   Level 5.2 Summonings
 - Level 4.0 Necromancy


You had 12 spell levels left.
You knew the following spells:

 Your Spells              Type           Power        Failure   Level  Hunger
a - Infusion              Chrm           ####         1%          1    None
b - Song of Slaying       Chrm           #####...     1%          2    None
c - Spectral Weapon       Hex/Chrm       ####....     2%          3    ##.....
d - Regeneration          Chrm/Necr      ####......   3%          3    ##.....


Dungeon Overview and Level Annotations

Branches:
Dungeon (10/15)            Temple (1/1) D:4            Lair (3/6) D:10
  Swamp: Lair:2-4    Shoals: Lair:2-4     Snake: Lair:2-4    Spider: Lair:2-4
    Orc: D:9-12

Altars:
Ashenzari
Cheibriados
Dithmenos
Elyvilon
Fedhas
Gozag
Hepliaklqana
Kikubaaqudgha
Makhleb
Nemelex Xobeh
Okawaru
Qazlal
Ru
Sif Muna
Trog
Uskayaw
Vehumet
Wu Jian
Xom
Yredelemnul
Zin
The Shining One
Lugonu

Shops:
D:7 !

Annotations:
D:4 Xenomina's ghost, novice DgFi
Lair:2 Gastronok


Message History

The eight-headed hydra is severely wounded.
Your spectral weapon hits the eight-headed hydra but does no damage.
The eight-headed hydra bites you.
* * * LOW HITPOINT WARNING * * *
The eight-headed hydra bites you.
* * * LOW HITPOINT WARNING * * *
The eight-headed hydra bites you.
* * * LOW HITPOINT WARNING * * *
You block the eight-headed hydra's attack.
The eight-headed hydra bites you.
* * * LOW HITPOINT WARNING * * *
The eight-headed hydra barely misses you.
The eight-headed hydra closely misses you. x2
You feel better.
The eight-headed hydra closely misses you.
The eight-headed hydra misses you.
The eight-headed hydra bites you but does no damage.
The eight-headed hydra bites you!
You die...
Your body crumbles into a pile of gold.

...# #......##..##.......# #.....
...# #......#...##.......# #.....
#..###......#....#.......# ##..##
#..##.......#...##..###..# #..##
#..###..............###..####..##
#.......#............##..##....##
P.......##......>...##.........#.
#..#.#..##..........###........##
#..###..##......@...###(.#.##..##
#..# #.(##...[..D...##...####...#
...# #..##......(...###..# ##....
...# #..##...........##..# #.....
#..# #..#...........P##..####....
#..# #..#P..........###...###....
...# #..##...........##..###P....
#..###...............##...###....
...#.#..............###..## #....


You could see an eight-headed hydra and a friendly spectral trident.

Vanquished Creatures
  2 hydras
  Erica (Lair:1)
  An ogre mage (Volcano)
  6 two-headed ogres
  A black mamba (Lair:1)
  Joseph (D:9)
  3 spiny frogs
  2 tengu conjurers (D:9)
  A troll (D:10)
  2 hippogriffs
  4 blink frogs (Lair:3)
  Grum (D:9)
  A wyvern (D:8)
  2 basilisks (Lair:3)
  4 water moccasins
  3 porcupines
  3 ice beasts
  A hornet zombie (D:7)
  4 orc warriors
  A sky beast (D:9)
  3 black bears
  2 phantoms
  7 wolves
  A necrophage (D:7)
  3 centaurs
  5 ogres
  3 crocodiles
  Blork the orc (D:5)
  8 bullfrogs
  4 scorpions
  2 howler monkeys (D:8)
  3 crimson imps
  A quasit (D:9)
  4 hounds
  4 orc priests
  2 jellies
  A centaur zombie (D:8)
  A bullfrog zombie (D:7)
  2 centaur skeletons
  A bullfrog skeleton (D:7)
  An iron imp (D:9)
  7 orc wizards
  3 iguanas
  4 worker ants
  A hound zombie (D:8)
  2 howler monkey zombies
  3 gnolls (D:6)
  4 adders
  4 shadow imps
  An adder zombie (D:10)
  An adder skeleton (D:9)
  3 worms
  5 dart slugs
  3 leopard geckos
  27 orcs
  6 bats
  4 giant cockroaches
  5 goblins
  3 hobgoblins (D:1)
  24 jackals
  3 quokkas
  5 frilled lizards
  6 kobolds
  A leopard gecko skeleton (D:6)
  A quokka skeleton (D:6)
  11 rats
  A spectral orc (D:4)
241 creatures vanquished.

Vanquished Creatures (collateral kills)
  A water moccasin (Lair:1)
1 creature vanquished.

Vanquished Creatures (others)
  A worm (D:2)
  A jackal (D:2)
  18 fungi
  5 plants
  3 spectral weapons
28 creatures vanquished.

Grand Total: 270 creatures vanquished

Notes
Turn   | Place    | Note
-------+----------+-------------------------------------------
     0 | D:1      | gvccisandals the Merfolk Skald began the quest for the Orb.
     0 | D:1      | Reached XP level 1. HP: 16/16 MP: 3/3
    64 | D:1      | Reached XP level 2. HP: 12/22 MP: 0/5
   644 | D:1      | Reached skill level 4 in Polearms
  1067 | D:2      | Reached XP level 3. HP: 25/27 MP: 4/6
  1560 | D:2      | Found a radiant altar of Vehumet.
  1709 | D:2      | Reached XP level 4. HP: 33/33 MP: 7/7
  1953 | D:3      | Learned a level 2 spell: Song of Slaying
  2093 | D:3      | Reached skill level 5 in Polearms
  2111 | D:3      | Reached XP level 5. HP: 22/38 MP: 1/8
  2175 | D:3      | Found a shadowy altar of Dithmenos.
  2193 | D:3      | Reached skill level 5 in Charms
  2426 | D:3      | Found a glowing golden altar of the Shining One.
  2753 | D:4      | Found a staircase to the Ecumenical Temple.
  2781 | D:3      | Reached skill level 6 in Polearms
  3053 | D:4      | Reached XP level 6. HP: 33/44 MP: 4/9
  3130 | D:4      | Noticed Xenomina's ghost (novice DgFi)
  3152 | Temple   | Entered the Ecumenical Temple
  3235 | Temple   | Became a worshipper of Gozag Ym Sagoz the Greedy
  3452 | D:4      | Noticed an orc warrior
  3639 | D:4      | Reached skill level 7 in Polearms
  3775 | D:4      | Found a basalt altar of Yredelemnul.
  4069 | D:4      | Found an iron altar of Okawaru.
  4147 | D:4      | Found an ornate altar of the Wu Jian Council.
  4269 | D:4      | Found a burning altar of Makhleb.
  4555 | D:5      | Entered Level 5 of the Dungeon
  4566 | D:5      | Reached XP level 7. HP: 29/50 MP: 6/10
  4610 | D:5      | Learned a level 3 spell: Spectral Weapon
  4743 | D:5      | Found a hazy altar of Hepliaklqana.
  4845 | D:5      | Noticed Blork the orc
  4851 | D:5      | Killed Blork the orc
  4851 | D:5      | Reached skill level 8 in Polearms
  4851 | D:5      | Reached skill level 1 in Hexes
  5513 | D:5      | Found a snail-covered altar of Cheibriados.
  5907 | D:6      | Reached XP level 8. HP: 35/56 MP: 12/12
  6417 | D:6      | Reached skill level 9 in Polearms
  6881 | D:7      | Found Teasadd's Distillery.
  6886 | D:7      | Bought a potion of ambrosia for 104 gold pieces
  6886 | D:7      | Bought a potion of brilliance for 52 gold pieces
  6886 | D:7      | Bought a potion of agility for 52 gold pieces
  6886 | D:7      | Bought a potion of might for 52 gold pieces
  6886 | D:7      | Bought a potion of heal wounds for 65 gold pieces
  6886 | D:7      | Bought a potion of cancellation for 104 gold pieces
  6886 | D:7      | Bought a potion of ambrosia for 104 gold pieces
  6956 | D:7      | Noticed a hippogriff
  6965 | D:7      | Killed a hippogriff
  7099 | D:7      | Reached skill level 10 in Polearms
  7305 | D:7      | Found a sparkling altar of Nemelex Xobeh.
  7382 | D:7      | Reached XP level 9. HP: 61/61 MP: 6/16
  7705 | D:7      | Reached skill level 5 in Spellcasting
  7846 | D:7      | Reached skill level 5 in Hexes
  8350 | D:8      | Reached skill level 11 in Polearms
  9166 | D:8      | Reached skill level 5 in Dodging
  9314 | D:8      | Found a hide-covered altar of Uskayaw.
  9391 | D:8      | Reached XP level 10. HP: 70/73 MP: 13/18
  9548 | D:9      | Reached skill level 12 in Polearms
  9548 | D:9      | Reached skill level 1 in Armour
  9766 | D:9      | Noticed Joseph
  9782 | D:9      | Killed Joseph
 10016 | D:9      | Noticed Grum
 10023 | D:9      | Killed Grum
 10062 | D:9      | Found a shimmering altar of Xom.
 10112 | D:9      | Found a blossoming altar of Fedhas.
 10174 | D:9      | Reached skill level 13 in Polearms
 10487 | D:9      | Noticed a two-headed ogre
 10495 | D:9      | Killed a two-headed ogre
 10885 | D:9      | Found a deep blue altar of Sif Muna.
 10969 | D:10     | Entered Level 10 of the Dungeon
 10981 | D:10     | Found a basalt altar of Yredelemnul.
 11130 | D:10     | Found a staircase to the Lair.
 11207 | D:10     | Reached skill level 14 in Polearms
 11424 | D:10     | Learned a level 1 spell: Summon Small Mammal
 11480 | D:10     | Reached skill level 1 in Summonings
 11657 | D:10     | Got a smoking ring mail
 11668 | D:10     | Identified the +1 ring mail of Moral Flaws {rElec rCorr Slay-2} (You found it on level 10 of the Dungeon)
 11759 | D:10     | Reached XP level 11. HP: 34/78 MP: 11/19
 12247 | Lair:1   | Entered Level 1 of the Lair of Beasts
 12318 | Lair:1   | Found a dark tunnel.
 12325 | Volcano  | Entered a volcano
 12345 | Volcano  | Noticed an ogre mage
 12345 | Volcano  | Noticed a two-headed ogre
 12347 | Volcano  | Noticed a two-headed ogre
 12355 | Volcano  | Killed a two-headed ogre
 12359 | Volcano  | Killed a two-headed ogre
 12365 | Volcano  | Killed an ogre mage
 12472 | Volcano  | Noticed a two-headed ogre
 12485 | Volcano  | Killed a two-headed ogre
 12485 | Volcano  | Reached skill level 5 in Summonings
 12516 | Volcano  | Noticed a two-headed ogre
 12542 | Volcano  | Killed a two-headed ogre
 12542 | Volcano  | Reached skill level 5 in Fighting
 12659 | Volcano  | Learned a level 3 spell: Regeneration
 12679 | Volcano  | Noticed a red draconian
 12679 | Volcano  | Noticed a two-headed ogre
 12690 | Volcano  | Killed a two-headed ogre
 12690 | Volcano  | Reached skill level 1 in Necromancy
 13257 | Lair:1   | Got a fine helmet
 13268 | Lair:1   | Identified the +1 helmet of Temperance {rElec MR++ Str+3 Int-5} (You found it on level 1 of the Lair of Beasts)
 13292 | Lair:1   | Noticed a six-headed hydra
 13323 | Lair:1   | Noticed Erica
 13337 | Lair:1   | Killed Erica
 13607 | Lair:1   | Killed a six-headed hydra
 13607 | Lair:1   | Reached XP level 12. HP: 50/91 MP: 11/20
 14322 | Lair:2   | Noticed an eight-headed hydra
 14656 | Lair:2   | You fall through a shaft!
 15135 | Lair:3   | Noticed a five-headed hydra
 15145 | Lair:3   | Killed a five-headed hydra
 15165 | Lair:3   | Noticed Gastronok
 15184 | Lair:2   | Reached skill level 10 in Dodging
 15368 | Lair:1   | HP: 3/94 [eight-headed hydra (6)]
 15369 | Lair:1   | Slain by an eight-headed hydra

Skill      XL: |  1  2  3  4  5  6  7  8  9 10 11 12 |
---------------+-------------------------------------+-----
Polearms       | 4 5 6 7 8 10 11 14 | 14.0
Charms         | 4 5 6 7 |  7.0
Hexes          | 2 4 5 |  5.4
Spellcasting   | 3 4 5 |  5.3
Dodging        | 5 6 9 10 | 10.0
Fighting       | 4 7 8 |  8.6
Armour         | 3 |  3.1
Shields        | 4 |  4.0
Summonings     | 2 5 |  5.2
Necromancy     | 3 4 |  4.0

Action                   |  1- 3 |  4- 6 |  7- 9 | 10-12 || total
-------------------------+-------+-------+-------+-------++-------
Melee: Spear             |    96 |       |       |       ||    96
       Trident           |     4 |   145 |   301 |   369 ||   819
 Cast: Infusion          |    14 |    19 |    34 |    42 ||   109
       Song of Slaying   |       |     2 |     3 |     5 ||    10
       Spectral Weapon   |       |       |    20 |    35 ||    55
       Summon Small Mamm |       |       |       |    10 ||    10
       Regeneration      |       |       |       |     3 ||     3
 Abil: Evoke Flight      |       |     1 |       |       ||     1
Evoke: Wand              |       |       |       |     3 ||     3
  Use: Potion            |       |     1 |     2 |    15 ||    18
       Scroll            |       |     1 |    13 |    10 ||    24
 Stab: Sleeping          |     2 |       |     2 |       ||     4
       Distracted        |       |       |     2 |     2 ||     4
  Eat: Chunk             |     2 |       |       |       ||     2
       Ration            |       |     3 |     6 |     5 ||    14
Armor: Leather armour    |    15 |    25 |    43 |    46 ||   129
Dodge: Dodged            |    35 |    82 |   127 |   185 ||   429
Block: Buckler           |       |       |       |    43 ||    43
